 Seeded DCSS version 0.28-a0-1594-ga885d4b3d6 (webtiles) character file.

Game seed: 11 (custom seed)

3266 knot the Cleaver (level 9, -4/63 HPs)
             Began as a Demonspawn Berserker on Jan 21, 2022.
             Was a Believer of Trog.
             Slain by a gnoll (6 damage)
             ... on level 7 of the Dungeon.
             The game lasted 00:12:10 (10554 turns).

knot the Cleaver (Demonspawn Berserker)            Turns: 10554, Time: 00:12:11

Health: -4/63      AC:  8    Str: 17    XL:     9   Next: 68%
Magic:  9/9        EV: 11    Int: 13    God:    Trog [**....]
Gold:   337        SH:  0    Dex: 13    Spells: 8/8 levels left

rFire   + . .      SeeInvis .   a - +0 hand axe
rCold   + . .      Faith    .   (no shield)
rNeg    . . .      Spirit   .   v - +0 ring mail
rPois   +          Reflect  .   k - +0 helmet
rElec   .          Harm     .   z - scarf {rC+ rF+}
rCorr   .          Rampage  .   g - +0 pair of gloves
Will    .....                   s - +0 pair of boots "Riemin" {+Inv rPois}
Stlth   +.........              (no amulet)
HPRegen 0.20/turn               (no ring)
MPRegen 0.22/turn               (no ring)

@: mighty, on berserk cooldown, slowed, very slow
A: powered by death 2, magic regeneration, sturdy frame 1, weakness stinger 1
a: Renounce Religion, Evoke Invisibility, Berserk, Trog's Hand


You were on level 7 of the Dungeon.
You worshipped Trog.
Trog was pleased with you.
You visited 1 branch of the dungeon, and saw 7 of its levels.
You also visited: Sewer.

You collected 337 gold pieces.

Inventory:

Hand Weapons
 a - a +0 hand axe (weapon)
Missiles
 d - 137 stones
 i - 6 boomerangs (quivered)
 q - an atropa-tipped dart
 y - 27 sling bullets
Armour
 g - a +0 pair of gloves (worn)
 k - a +0 helmet (worn)
 s - the +0 pair of boots "Riemin" (worn) {+Inv rPois}
   (You found it on level 7 of the Dungeon)

   rPois:     It protects you from poison.
   +Inv:      It lets you turn invisible.
 v - a +0 ring mail (worn)
 z - a scarf of resistance (worn)
Jewellery
 x - an amulet of magic regeneration
Scrolls
 e - a scroll of blinking
 j - a scroll of enchant weapon
 l - 2 scrolls of fog
 o - a scroll of summoning
 p - 4 scrolls of teleportation
 u - 2 scrolls of fear
 A - a scroll of vulnerability
 B - a scroll of immolation
Potions
 c - 5 potions of brilliance
 f - 4 potions of mutation
 h - a potion of lignification
 m - a potion of magic
 n - 3 potions of degeneration
 r - 2 potions of cancellation
 t - a potion of flight
 w - a potion of berserk rage


   Skills:
 - Level 3.0 Fighting
 * Level 9.9 Axes
 * Level 8.2 Throwing
 - Level 1.7 Armour
 - Level 1.7 Dodging


You had 8 spell levels left.
You didn't know any spells.
Your spell library contained the following spells:

 Spells                   Type           Power      Damage    Failure   Level
 Blink                    Tloc           0%         N/A       54%         2
 Frozen Ramparts          Ice            0%         1d2       77%         3
 Cause Fear               Hex            0%         N/A       99%         4
 Ice Form                 Ice/Tmut       0%         N/A       99%         4
 Summon Ice Beast         Ice/Summ       0%         N/A       99%         4
 Manifold Assault         Tloc           0%         N/A       100%        5
 Dragon Form              Tmut           0%         N/A       100%        7
 Storm Form               Tmut/Air       0%         N/A       100%        7
 Dragon's Call            Summ           0%         N/A       100%        9


Dungeon Overview and Level Annotations

Branches:
Dungeon (7/15)              Sewer (visited)
 Temple: D:4-7

Altars:
Ashenzari
Cheibriados
Dithmenos
Elyvilon
Makhleb
Ru
Trog
Vehumet
Yredelemnul


Innate Abilities, Weirdness & Mutations

You regenerate health from kills.
You regenerate magic rapidly.
Your movements are slightly less encumbered by armour. (ER -2)
You have a small tail.


Message History

You hear a shout! x2
You slash the gnoll shaman!
You kill the gnoll shaman!
Trog accepts your kill.
The gnoll hits you but does no damage. 3 gnolls come into view.
The gnoll shouts! x3
The gnoll barely misses you. The gnoll hits you with a +0 spear.
* * * LOW HITPOINT WARNING * * *
The gnoll hits you but does no damage.
The gnoll moves out of view. x2
Things that are here:
a +0 whip; a +0 robe; 24 gold pieces You barely miss the gnoll.
The gnoll barely misses you.
You slash the gnoll!
You kill the gnoll!
Trog accepts your kill.
You barely miss the gnoll. You slash the gnoll!
Your tail-slap misses the gnoll.
The gnoll is severely wounded.
You barely miss the gnoll.
The gnoll hits you from afar with a +0 spear.
* * * LOW HITPOINT WARNING * * *
The gnoll closely misses you. x2; The gnoll hits you but does no damage. x2
You slash the gnoll!
You kill the gnoll!
Trog accepts your kill.
You barely miss the gnoll.
The gnoll hits you but does no damage. x2
The gnoll barely misses you.
You hit the gnoll.
The gnoll is heavily wounded.
You barely miss the gnoll. The gnoll closely misses you.
The gnoll hits you with a +0 flail!
* * * LOW HITPOINT WARNING * * *
The gnoll hits you with a +0 spear.
* * * LOW HITPOINT WARNING * * *
You hit the gnoll.
The gnoll is severely wounded.
You hit the gnoll.
The gnoll hits you from afar with a +0 spear.
You die...

## .# .# . .#
...
###.#.....
###ggg...#
##..@#......!
#....#.##.##.
##.©..#.. #
###########.
#.☼..©..☼.#..
#..°...°..#
..
#..°°☼○°..#
...
#.°.....○.#
#.........#


You could see 3 gnolls.

Vanquished Creatures
  A hornet (D:7)
  Eustachio (D:4)
  A fire elemental (D:7)
  2 fire bats (D:7)
  Menkaure (D:7)
  An ice beast (D:7)
  A sky beast (D:6)
  A black bear (D:6)
  4 ogres (D:5)
  A centaur (D:5)
  2 necrophages
  2 phantoms
  A wyvern zombie (D:5)
  2 scorpions
  2 wyvern skeletons (D:6)
  11 killer bees
  2 jellies (D:7)
  2 gnoll shamans
  2 hounds
  2 bullfrog skeletons
  2 iguanas
  A killer bee zombie (D:7)
  A howler monkey zombie (D:6)
  2 howler monkey skeletons (D:6)
  8 gnolls
  5 adders
  7 river rats
  A worm (D:2)
  A dart slug (D:3)
  An orc (D:3)
  5 endoplasms
  4 giant cockroaches
  4 goblins
  3 hobgoblins
  4 jackals
  2 quokkas
  11 ball pythons
  8 bats
  5 frilled lizards
  7 kobolds
  16 rats
140 creatures vanquished.

Vanquished Creatures (collateral kills)
  A white imp (D:6)
1 creature vanquished.

Vanquished Creatures (others)
  A centaur (D:6)
  A gnoll sergeant (D:6)
2 creatures vanquished.

Grand Total: 143 creatures vanquished

Notes
Turn   | Place    | Note
-------+----------+-------------------------------------------
     0 | D:1      | knot the Demonspawn Berserker began the quest for the Orb.
     0 | D:1      | Reached XP level 1. HP: 18/18 MP: 1/1
    52 | D:1      | Reached skill level 3 in Axes
   324 | D:1      | Gained mutation: You regenerate a little health from kills.
                  | [demonic ancestry]
   324 | D:1      | Reached XP level 2. HP: 20/24 MP: 2/2
   570 | D:1      | Found a faded altar of an unknown god.
   703 | D:2      | Reached ** piety under Trog
   822 | D:2      | Gained mutation: Your movements are slightly less
                  | encumbered by armour. (ER -2) [demonic ancestry]
   822 | D:2      | Reached XP level 3. HP: 29/29 MP: 3/3
  1162 | D:2      | Reached skill level 4 in Axes
  1919 | D:3      | Found a glowing drain.
  1935 | D:3      | Reached XP level 4. HP: 17/35 MP: 4/4
  2015 | Sewer    | Entered a sewer
  2453 | Sewer    | Reached skill level 5 in Axes
  2752 | Sewer    | Reached XP level 5. HP: 32/41 MP: 5/5
  3554 | D:3      | Found a shadowy altar of Dithmenos.
  3557 | D:3      | Found a bloodstained altar of Trog.
  3558 | D:3      | Found a basalt altar of Yredelemnul.
  3558 | D:3      | Found a radiant altar of Vehumet.
  3558 | D:3      | Found a burning altar of Makhleb.
  3560 | D:3      | Found a broken altar of Ashenzari.
  3561 | D:3      | Found a snail-covered altar of Cheibriados.
  3563 | D:3      | Found a sacrificial altar of Ru.
  4191 | D:4      | Reached skill level 1 in Throwing
  4337 | D:4      | Gained mutation: You have a small tail. [demonic ancestry]
  4337 | D:4      | Reached XP level 6. HP: 47/47 MP: 6/6
  4796 | D:4      | Noticed Eustachio
  4816 | D:4      | Reached skill level 6 in Axes
  4823 | D:4      | Killed Eustachio
  4824 | D:4      | Gained mutation: You regenerate health from kills. [demonic
                  | ancestry]
  4824 | D:4      | Reached XP level 7. HP: 33/52 MP: 7/7
  5584 | D:5      | Entered Level 5 of the Dungeon
  5911 | D:5      | Reached skill level 7 in Axes
  6443 | D:5      | Reached XP level 8. HP: 58/58 MP: 8/8
  6689 | D:5      | Reached skill level 5 in Throwing
  7677 | D:6      | Reached skill level 8 in Axes
  8931 | D:6      | Gained mutation: You regenerate magic rapidly. [demonic
                  | ancestry]
  8931 | D:6      | Reached XP level 9. HP: 56/63 MP: 9/9
  9536 | D:7      | Reached skill level 9 in Axes
 10230 | D:7      | Found a transporter.
 10263 | D:7      | Found a transporter.
 10285 | D:7      | Identified the +0 pair of boots "Riemin" {+Inv rPois}
 10525 | D:7      | Noticed Menkaure
 10533 | D:7      | Killed Menkaure
 10553 | D:7      | HP: 1/63 [gnoll (3)]
 10554 | D:7      | Slain by a gnoll

Illustrated notes

Levels and vault maps discovered:
D:1:      minmay_arrival_nine_rooms, layout_rooms, basic_ecumenical_altar
D:2:      layout_basic
D:3:      layout_loops_ring, minitemple, portal_sewer_entry_b,
          lemuel_old_faithful
D:4:      layout_basic, uniq_eustachio
D:5:      layout_layer_cave, minivault_24
D:6:      minmay_chambers_of_threes, layout_basic
D:7:      gammafunk_cloud_chamber, layout_loops_cross, lemuel_temple_firewalk_b,
          uniq_menkaure

Skill      XL: |  1  2  3  4  5  6  7  8  9 |
---------------+----------------------------+-----
Axes           | 3 4 5 6 7 8 9 |  9.9
Throwing       | 1 3 4 6 8 |  8.2
Fighting       | |  3.0
Armour         | |  1.7
Dodging        | |  1.7

Action                   |  1- 3 |  4- 6 |  7- 9 || total
-------------------------+-------+-------+-------++-------
Melee: Hand axe          |    95 |   162 |   273 ||   530
       Punch             |     5 |     1 |     6 ||    12
       Tailslap          |       |     3 |    37 ||    40
Throw: Dart              |       |     2 |     6 ||     8
       Boomerang         |       |       |    29 ||    29
Invok: Berserk           |     4 |     5 |    15 ||    24
       Trog's Hand       |       |       |     2 ||     2
Evoke: Wand              |       |       |     6 ||     6
  Use: Scroll            |       |       |    12 ||    12
       Potion            |       |       |    16 ||    16
 Stab: Sleeping          |     1 |       |     1 ||     2
       Invisible         |       |       |     4 ||     4
Armor: Animal skin       |    14 |    13 |       ||    27
       Ring mail         |       |     5 |   121 ||   126
       Skin              |       |       |    23 ||    23
Dodge: Dodged            |    60 |    76 |   179 ||   315

Table legend: (Time is in decaauts)
 A = Elapsed time spent in this place.
 B = Non-inter-level travel time spent in this place.
 C = Inter-level travel time spent in this place.
 D = Time resting spent in this place.
 E = Time spent auto-exploring this place.
 F = Levels seen in this place.
 G = Mean time per level.
                   A        B        C        D        E       F      G
               +--------+--------+--------+--------+--------+-----+--------+
         Total |  10809 |  10406 |    403 |   3356 |   5812 |   8 | 1351.1 |
       Dungeon |   9634 |   9231 |    403 |   2899 |   5348 |   7 | 1376.3 |
         Sewer |   1175 |   1175 |      0 |    456 |    464 |   1 | 1175.0 |
               +--------+--------+--------+--------+--------+-----+--------+

Top non-repeatable levels by time:
     D:6: 2507 daAuts
     D:5: 1844 daAuts
     D:4: 1821 daAuts
     D:2: 1200 daAuts
   Sewer: 1175 daAuts
     D:3: 823 daAuts
     D:7: 725 daAuts
     D:1: 710 daAuts
